 Dungeon Crawl Stone Soup version bcrawl-1.13.1 (webtiles) character file.

Game seed: 16829210667964075415

75 Revguard the Sneak (level 4, -4/48 HPs)
             Began as a Demonspawn Archaeologist on Aug 2, 2019.
             Slain by an iron imp (7 damage)
             ... summoned by Natasha
             ... on level 3 of the Dungeon.
             The game lasted 00:05:12 (2083 turns).

Revguard the Sneak (Demonspawn Archaeologist)       Turns: 2083, Time: 00:05:13

Health: -4/48      AC: 22    Str: 12    XL:     4   Next: 11%
Magic:  5/5        EV:  2    Int: 16    God:
Gold:   122        SH:  0    Dex: 15    Spells: 3/3 levels left

rFire    . . .     SeeInvis .   a - +0 whip
rCold    . . .     Gourm    .   (no shield)
rNeg     + + +     Faith    .   (armour currently unavailable)
rPois    +         Spirit   .   (helmet currently unavailable)
rElec    .         Reflect  .   (cloak currently unavailable)
rCorr    +         Harm     .   (gloves currently unavailable)
MR       .....     NoTele   +   (boots currently unavailable)
Stlth    +++.......             (no amulet)
HPRegen  0.16/turn              n - ring of resist corrosion
MPRegen  0.09/turn              (no ring)

@: tree-form, studying Axes
A: thin skeletal structure 2
a: no special abilities


You were on level 3 of the Dungeon.
You were not hungry.
You were a tree.
You visited 1 branch of the dungeon, and saw 3 of its levels.

You collected 122 gold pieces.

Inventory:

Hand Weapons
 a - a +0 whip (weapon)
Armour
 d - a +1 pair of boots (melded)
 j - a +1 ring mail (melded)
 k - a +1 hat (melded)
Jewellery
 n - a ring of resist corrosion (left branch)
Wands
 c - a wand of polymorph (4)
Scrolls
 h - a scroll of enchant armour
 l - 4 scrolls of identify
Potions
 m - a potion of agility
Books
 e - a manual of Axes
Miscellaneous
 f - an ancient crate
Comestibles
 g - 6 rations {!d}
 p - 6 chunks of flesh


   Skills:
 + Level 1.0 Fighting
 + Level 1.6 Maces & Flails
 * Level 1.6 Armour
 + Level 3.0 Dodging
 + Level 3.3 Stealth
 * Level 1.5 Evocations


You had 3 spell levels left.
You didn't know any spells.
Your spell library was empty.

Dungeon Overview and Level Annotations

Branches:
Dungeon (3/12)

Altars:
Gozag
Kikubaaqudgha
Wu Jian

Annotations:
D:3 Natasha


Innate Abilities, Weirdness & Mutations

((You have sharp fingernails.))
You have a moderately thin skeletal structure. (Dex +4, Stealth+)


Message History

Natasha casts a spell.
The iron imp hits you but does no damage.
It was a potion of flight.
Your roots keep you in place.
Natasha claws you but does no damage. x2
The iron imp hits you but does no damage.
You closely miss Natasha.
Natasha is almost dead.
Natasha casts a spell at you. You resist with some effort.
The iron imp hits you but does no damage.
The crimson imp grinds its teeth.
You barely miss Natasha.
Natasha is almost dead.
Natasha claws you.
* * * LOW HITPOINT WARNING * * *
Natasha claws you but does no damage.
You hit Natasha but do no damage.
Natasha is almost dead.
Natasha claws you but does no damage. The iron imp hits you!
You die...

)........
......### #.#
......# #.#
......# #.#
......# #.#
......#####. #.#
...†........ #5#
#.##.###### #h#
.†.#.# #♣# #..#.#
#5# #..#.# #.#
#..#.# #.#
#..#.###########.#
...#.............#
...###############
...# #>.#


You could see an iron imp, Natasha and a crimson imp.

Vanquished Creatures
  2 oozes
  A worm (D:2)
  4 dart slugs
  An orc (D:3)
  A bat (D:1)
  2 giant cockroaches (D:1)
  10 goblins
  6 hobgoblins
  A jackal (D:3)
  3 quokkas
  2 ball pythons (D:1)
  4 frilled lizards
  9 kobolds
  4 rats
50 creatures vanquished.

Notes
Turn   | Place    | Note
-------+----------+-------------------------------------------
     0 | D:1      | Revguard the Demonspawn Archaeologist began the quest for
                  | the Orb.
     0 | D:1      | Reached XP level 1. HP: 15/15 MP: 1/1
   360 | D:1      | Gained mutation: You have a somewhat thin skeletal
                  | structure. (Dex +2, Stealth) [demonic ancestry]
   360 | D:1      | Reached XP level 2. HP: 21/21 MP: 2/2
   511 | D:1      | Reached skill level 1 in Maces & Flails
   678 | D:1      | Reached skill level 1 in Armour
   687 | D:1      | Gained mutation: You have sharp fingernails. [demonic
                  | ancestry]
   687 | D:1      | Reached XP level 3. HP: 22/26 MP: 3/3
   775 | D:1      | Reached skill level 1 in Evocations
  1123 | D:2      | Found an ornate altar of the Wu Jian Council.
  1785 | D:2      | Found an ancient bone altar of Kikubaaqudgha.
  1822 | D:2      | Found an opulent altar of Gozag.
  1913 | D:3      | Gained mutation: You have a moderately thin skeletal
                  | structure. (Dex +4, Stealth+) [demonic ancestry]
  1913 | D:3      | Reached XP level 4. HP: 21/32 MP: 5/5
  2059 | D:3      | Noticed Natasha
  2083 | D:3      | Slain by an iron imp

Skill      XL: |  1  2  3 |
---------------+----------+-----
Dodging        | 3 |  3.0
Maces & Flails | 1 |  1.6
Armour         | 1 |  1.6
Evocations     | 1 |  1.5
Fighting       | |  1.0
Stealth        | |  3.3

Action                   |  1- 3 |  4- 6 || total
-------------------------+-------+-------++-------
Melee: Whip              |   221 |    32 ||   253
Evoke: Wand              |       |     2 ||     2
  Use: Potion            |     3 |     3 ||     6
       Scroll            |     8 |       ||     8
 Stab: Sleeping          |     3 |     1 ||     4
  Eat: Chunk             |     3 |     1 ||     4
Armor: Robe              |    11 |       ||    11
       Ring mail         |    66 |     8 ||    74
       Skin              |       |    21 ||    21
Dodge: Dodged            |   125 |    17 ||   142
